 Dungeon Crawl Stone Soup version 0.20-a0-286-gae82e34 (webtiles) character file.

128 Junicave the Digger (level 5, -2/28 HPs)
             Began as a Gargoyle Earth Elementalist on Dec 14, 2016.
             Slain by Terence
             ... wielding a +0 flail
              (10 damage)
             ... on level 2 of the Dungeon.
             The game lasted 00:14:40 (4967 turns).

Junicave the Digger (Gargoyle Earth Elementalist)   Turns: 4967, Time: 00:14:41

Health: -2/28      AC:  3    Str: 11    XL:     5   Next: 11%
Magic:  0/10       EV: 11    Int: 17    God:
Gold:   115        SH:  3    Dex: 10    Spells: 7/11 levels left

rFire  + . .     SeeInvis .     q - +0 flail
rCold  x . .     Gourm    .     r - +0 robe
rNeg   + . .     Faith    .     w - +0 buckler
rPois  ∞         Spirit   .     (no helmet)
rElec  +         Reflect  .     (no cloak)
rCorr  .         Harm     +     (no gloves)
MR     .....                    (no boots)
Stlth  ++........               s - amulet of harm
                                p - ring of fire
                                l - -3 ring of protection (curse)

@: very slightly contaminated
A: negative energy resistance 1, electricity resistance, unbreathing,
petrification resistance, rot immunity, AC +4
a: no special abilities


You were on level 2 of the Dungeon.
You were hungry.

You visited 1 branch of the dungeon, and saw 3 of its levels.

You collected 115 gold pieces.

Inventory:

Hand Weapons
 i - a +0 short sword
 k - a +0 whip
 q - a +0 flail (weapon)
Missiles
 b - 56 stones (quivered)
Armour
 c - a +0 robe
 r - a +0 robe (worn)
 t - a +0 robe
 w - a +0 buckler (worn)
Jewellery
 l - a cursed -3 ring of protection (left hand)
 p - a ring of fire (right hand)
 s - an amulet of harm (around neck)
Scrolls
 j - a scroll of fear
 o - a scroll of enchant weapon
Potions
 a - 2 potions of might {unknown}
 g - a potion of flight {unknown}
 h - a potion of mutation {unknown}
 m - a potion of degeneration {unknown}
Books
 e - a book of Geomancy

   Spells                             Type                      Level
   a - Sandblast                      Earth                        1
   b - Passwall                       Transmutation/Earth          2
   c - Stone Arrow                    Conjuration/Earth            3
   d - Petrify                        Transmutation/Earth          4
   e - Lee's Rapid Deconstruction     Earth                        5
Comestibles
 d - 2 bread rations
 u - a meat ration


   Skills:
 - Level 1.5 Dodging
 - Level 2.1 Stealth
 * Level 3.8 Spellcasting
 + Level 1.6 Conjurations
   Level 0.7 Transmutations
 + Level 4.6 Earth Magic


You had 7 spell levels left.
You knew the following spells:

 Your Spells              Type           Power        Failure   Level  Hunger
a - Sandblast             Erth           ###...       4%          1    None
b - Stone Arrow           Conj/Erth      ##....       24%         3    ###....


Dungeon Overview and Level Annotations

Branches:
Dungeon (3/15)

Altars:

Annotations:
D:2 Sigmund, Terence


Innate Abilities, Weirdness & Mutations

You are resistant to torment.
Your stone body is resilient. (AC +4)
You are immune to poison.
You resist negative energy. (rN+)
You are resistant to electric shocks. (rElec)
You can survive without breathing.
You are immune to petrification.
You are immune to rotting.


Message History

Casting: Sandblast
Confirm with . or Enter, or press ? or * to list all spells.
Aiming: Sandblast
Press: ? - help, Shift-Dir - straight line, f/p - Terence
Aim: Terence, wielding a flail and wearing a chain mail (grey smoke, almost dead)
The blast of sand hits Terence.
Terence is almost dead.
You are feeling hungry.
Terence hits you with a flail.
You barely miss Terence.
Terence is almost dead.
Terence hits you with a flail.
* * * LOW HITPOINT WARNING * * *
You hit Terence but do no damage.
Terence is almost dead.
Terence closely misses you. x2
You closely miss Terence.
Terence is almost dead.
Terence hits you with a flail!
You die...

*,*,,,,,,(* *,,,,,,,,,,,*,
*,********* *,,,,,,,@,,,*,
*,,,,,,<,,* *,,,,,,,,,,,*,
*********,* *,,,,,,,,,,,*, * *,*
*,,,,,,,,,,,*, * #.######
*****+*,,,,,,, * #......#
***,*,*****,
#######.#######..,,,,,,,,,
#....§...@@......,,,,***,,
*####'###§########..**,,**,,,
*.........# *,,**,,**,,,
*****.........# *,,**,,,,,,,
,,,**.........#*******,,**,****,*
**,**.........#*,,,,,,,,,,,,,,<,,
*,**.........#*,*,,,,,,**,***,**
*,**.........#*,*,***,***,* *,*
*,**.........#*,*,***,* *,***,*


You could see Terence.

Vanquished Creatures
  A hound skeleton (D:1)
  4 adders
  An ooze (D:2)
  3 worms (D:2)
  2 dart slugs (D:1)
  2 leopard geckos (D:1)
  An orc (D:3)
  3 giant cockroaches
  5 goblins
  4 hobgoblins
  8 jackals
  5 kobolds
  A quokka (D:2)
  7 bats
  4 frilled lizards
  10 rats
61 creatures vanquished.

Notes
Turn   | Place    | Note
-------+----------+-------------------------------------------
     0 | D:1      | Junicave the Gargoyle Earth Elementalist began the quest for the Orb.
     0 | D:1      | Reached XP level 1. HP: 10/10 MP: 3/3
   290 | D:1      | Reached XP level 2. HP: 15/15 MP: 3/5
   749 | D:1      | Reached XP level 3. HP: 14/19 MP: 0/7
   772 | D:1      | Reached skill level 4 in Earth Magic
  1979 | D:1      | Learned a level 3 spell: Stone Arrow
  2795 | D:2      | Noticed Terence
  2835 | D:1      | Reached XP level 4. HP: 16/24 MP: 5/9
  3653 | D:2      | Reached skill level 1 in Conjurations
  3667 | D:2      | Noticed Sigmund
  4779 | D:2      | Reached XP level 5. HP: 27/28 MP: 5/10
  4967 | D:2      | Slain by Terence

Vault maps used:
D:1:      evilmike_arrival_home_sweet_home
D:2:      uniq_terence, uniq_sigmund
D:3:      first_bread

Skill      XL: |  1  2  3  4 |
---------------+-------------+-----
Spellcasting   | 3 |  3.8
Earth Magic    | 4 |  4.6
Conjurations   | 1 |  1.6
Dodging        | |  1.5
Stealth        | |  2.1
Transmutations | |  0.7

Action                   |  1- 3 |  4- 6 || total
-------------------------+-------+-------++-------
Melee: Short sword       |    16 |       ||    16
       Whip              |    40 |     7 ||    47
       Flail             |       |     9 ||     9
 Cast: Sandblast         |    60 |    88 ||   148
       Stone Arrow       |       |     5 ||     5
  Use: Scroll            |       |     4 ||     4
 Stab: Sleeping          |       |     2 ||     2
  Eat: Chunk             |     6 |     7 ||    13
Armor: Robe              |    42 |    19 ||    61
Dodge: Dodged            |    84 |    49 ||   133
